 Dungeon Crawl Stone Soup version 0.30-a0-329-g85436e0a43 (webtiles) character file.

Game seed: 7662487184188326520

5458 Lanoc the Destroyer (level 10, -3/69 HPs)
             Began as a Green Draconian Conjurer on Oct 28, 2022.
             Was a Believer of Fedhas.
             Slain by a wyvern (10 damage)
             ... on level 9 of the Dungeon.
             The game lasted 00:18:48 (10410 turns).

Lanoc the Destroyer (Green Draconian Conjurer)     Turns: 10410, Time: 00:18:49

Health: -3/69      AC: 12    Str: 10    XL:     10   Next: 41%
Magic:  7/13       EV: 16    Int: 22    God:    Fedhas [**....]
Gold:   608        SH:  0    Dex: 16    Spells: 6/13 levels left

rFire   . . .      SeeInvis .    B - +9 mace "Goaru" {venom, rN+ Will+}
rCold   + . .      Faith    .    (no shield)
rNeg    + . .      Spirit   .    (body armour unavailable)
rPois   +          Reflect  .    (helmet restricted)
rElec   .          Harm     .    (no cloak)
rCorr   .          Rampage  .    o - +1 pair of gloves
Will    +....                    h - +2 pair of boots {Fly}
Stlth   ++........               (no amulet)
HPRegen 0.31/turn                y - +6 ring of dexterity
MPRegen 0.13/turn                D - ring of protection from cold

@: flying
A: breathe noxious fumes, AC +7, unfitting armour, poison resistance,
cold-blooded
a: Breathe Noxious Fumes, Renounce Religion, Wall of Briars


You were on level 9 of the Dungeon.
You worshipped Fedhas.
Fedhas was pleased with you.
You visited 2 branches of the dungeon, and saw 10 of its levels.
You also visited: Bailey.

You collected 608 gold pieces.

Inventory:

Hand Weapons
 B - the +9 mace "Goaru" (weapon) {venom, rN+ Will+}
   (You found it on level 7 of the Dungeon)

   It poisons the flesh of those it strikes.
   rN:        It protects you from negative energy.
   Will:      It increases your willpower.
Missiles
 p - 12 boomerangs of dispersal
Armour
 h - a +2 pair of boots of flying (worn)
 o - a +1 pair of gloves (worn)
Magical Staves
 n - a staff of cold
Jewellery
 y - a +6 ring of dexterity (left hand)
 D - a ring of protection from cold (right hand)
Wands
 a - a wand of flame (12)
 m - a wand of quicksilver (8)
 u - a wand of paralysis (7)
 E - a wand of polymorph (11)
Scrolls
 b - a scroll of fog
 c - 6 scrolls of teleportation
 d - a scroll of silence {unknown}
 f - a scroll of enchant armour {unknown}
 g - 3 scrolls of vulnerability
 i - 2 scrolls of fear {unknown}
 j - a scroll of amnesia {unknown}
 l - a scroll of noise {unknown}
 v - a scroll of enchant weapon {unknown}
 w - 2 scrolls of immolation {unknown}
 x - 2 scrolls of blinking {unknown}
 C - a scroll of summoning {unknown}
Potions
 k - 2 potions of might
 q - a potion of lignification
 r - 5 potions of flight
 s - 5 potions of curing {unknown}
 t - 3 potions of haste {unknown}
 z - 2 potions of attraction
 A - a potion of ambrosia
 F - a potion of mutation
 G - a potion of magic


   Skills:
 + Level 8.4 Dodging
 - Level 1.7 Stealth
 - Level 2.0 Spellcasting
 * Level 13.3 Conjurations


You had 6 spell levels left.
You knew the following spells:

 Your Spells              Type           Power      Damage    Failure   Level
a - Magic Dart            Conj           100%       1d8       1%          1
b - Searing Ray           Conj           100%       2d8       1%          2
c - Iskenderun's Mystic   Conj/Tloc      31%        2d8       9%          4

Your spell library contained the following spells:

 Spells                   Type           Power      Damage    Failure   Level
 Dazzling Flash           Conj/Hex       62%        N/A       2%          3
 Fulminant Prism          Conj/Hex       15%        3d10      9%          4
 Necrotise                Necr           8%         1d4       14%         1
 Vampiric Draining        Necr           2%         2d6       38%         3
 Starburst                Conj/Fire      15%        6d6       80%         6
 Agony                    Necr           2%         N/A       98%         5


Dungeon Overview and Level Annotations

Branches:
Dungeon (9/15)             Temple (1/1) D:7            Lair (0/5) D:8
 Bailey (visited)
    Orc: D:9-12

Altars:
Ashenzari
Cheibriados
Dithmenos
Elyvilon
Fedhas
Gozag
Hepliaklqana
Kikubaaqudgha
Makhleb
Nemelex Xobeh
Okawaru
Qazlal
Ru
Sif Muna
Trog
Vehumet
Wu Jian
Xom
Yredelemnul
Zin
The Shining One

Shops:
D:2 ::


Innate Abilities, Weirdness & Mutations

You can breathe blasts of noxious fumes.
Your lurid green scales are hard. (AC +7)
You cannot fit into any form of body armour.
Your system is resistant to poisons. (rPois)
You are cold-blooded and may be slowed by cold attacks.


Message History

You kill the yak!
Fedhas appreciates your contribution to the ecosystem.
The yak closely misses you.
You sock the yak!
The yak looks even sicker.
You tail-slap the yak.
The yak is heavily wounded.
The yak barely misses you. The yak misses you.
A wyvern comes into view.
The yak gores you but does no damage. x2
The wyvern hisses angrily.
You sock the yak!
The yak looks as sick as possible!
The yak is severely wounded.
The yak misses you. The yak gores you!
You hit the yak.
The yak looks as sick as possible!
You tail-slap the yak.
The yak is severely wounded.
The yak gores you. The yak gores you but does no damage.
You are too injured to fight recklessly!
The yak attacks as you move away! The yak completely misses you.
Things that are here:
a +0 short sword; a +0 plate armour The yak attacks as you move away!
The yak gores you.
You have got your breath back.
You kill the yak!
Fedhas appreciates your contribution to the ecosystem.
The yak attacks as you move away! The yak barely misses you.
The wyvern attacks as you move away! The wyvern barely misses you.
The wyvern bites you!
* * * LOW HITPOINT WARNING * * *
The wyvern attacks as you move away! The wyvern bites you!
* * * LOW HITPOINT WARNING * * *
The yak attacks as you move away! The yak gores you.
* * * LOW HITPOINT WARNING * * *
You feel much better. The wyvern misses you. The yak gores you!
* * * LOW HITPOINT WARNING * * *
The wyvern bites you.
* * * LOW HITPOINT WARNING * * *
The yak attacks as you move away! The yak misses you.
The yak attacks as you move away! The yak closely misses you.
The wyvern bites you!
You die...
Fedhas appreciates your contribution to the ecosystem.

.......PPPP.........# #..# ....
.......PPP..........# #..# ....
....................# #..# ....
....................# #..# ....
...............###..####..# ....
.............### #......>)###.)..
.......###...# #.....†..).)....
.......####..#####........)......
#####...........@lY.########..###
#........####...# #..# #........#
#...# #..# #........# #...# #..#
#####........# #...# #..#
.............####...# ######..#
..................... .... ...
.......###..........###..#
.......# #..........# #..#


You could see a yak and a wyvern.

Vanquished Creatures
  A two-headed ogre (D:9)
  Joseph (D:7)
  Maggie (D:7)
  A hornet (D:7)
  A troll (D:7)
  A wraith (D:9)
  3 yaks (D:9)
  A steam dragon (D:9)
  An acid dragon (D:9)
  4 water moccasins
  A floating eye (D:9)
  An ice beast (D:8)
  7 orc warriors
  2 black bears
  2 centaurs
  2 kobold brigands (D:9)
  A scorpion (D:7)
  A necrophage (D:5)
  A gnoll sergeant (D:8)
  A killer bee (D:8)
  2 howler monkeys (D:8)
  4 orc priests
  4 hounds
  2 gnoll boudas
  A jelly (D:5)
  7 orc wizards
  An iguana (D:5)
  22 gnolls
  7 adders
  2 worms
  9 dart slugs
  18 orcs
  8 bats
  5 endoplasms
  4 giant cockroaches
  14 goblins
  10 hobgoblins
  2 jackals (D:2)
  28 kobolds
  2 quokkas
  6 ball pythons
  3 frilled lizards (D:2)
  6 rats
201 creatures vanquished.

Vanquished Creatures (collateral kills)
  A gnoll (D:8)
1 creature vanquished.

Vanquished Creatures (others)
  An electric eel (D:8)
1 creature vanquished.

Grand Total: 203 creatures vanquished

Notes
Turn   | Place    | Note
-------+----------+-------------------------------------------
     0 | D:1      | Lanoc the Draconian Conjurer began the quest for the Orb.
     0 | D:1      | Reached XP level 1. HP: 14/14 MP: 3/3
   287 | D:1      | Reached XP level 2. HP: 20/20 MP: 0/5
   989 | D:1      | Learned a level 2 spell: Searing Ray
  1112 | D:2      | Reached XP level 3. HP: 26/26 MP: 1/6
  1538 | D:2      | Reached skill level 5 in Conjurations
  1911 | D:2      | Found Icirphoni's Book Shop.
  1955 | D:2      | Found Pyanaf's Book Boutique.
  2188 | D:3      | Reached XP level 4. HP: 30/33 MP: 1/7
  2814 | D:3      | Noticed a water moccasin
  2829 | D:3      | Killed a water moccasin
  2830 | D:3      | Reached skill level 6 in Conjurations
  2830 | D:3      | Reached XP level 5. HP: 22/38 MP: 4/8
  2835 | D:3      | Reached XP level 6. HP: 28/45 MP: 0/9
  2978 | D:3      | Learned a level 4 spell: Iskenderun's Mystic Blast
  4178 | D:5      | Entered Level 5 of the Dungeon
  4240 | D:5      | Identified the +1 robe "Quuxudasch" {rF+ rN+}
  4272 | D:5      | Reached skill level 7 in Conjurations
  4889 | D:5      | Your scales start taking on a lurid green colour.
  4889 | D:5      | Reached XP level 7. HP: 46/50 MP: 1/10
  4889 | D:5      | Gained mutation: Your system is resistant to poisons.
                  | (rPois) [Green Draconian growth]
  5785 | D:6      | Reached skill level 8 in Conjurations
  5839 | D:6      | Found a bloodstained altar of Trog.
  6160 | D:7      | Found a staircase to the Ecumenical Temple.
  6234 | D:7      | Noticed a troll
  6235 | D:7      | Noticed a hornet
  6245 | D:7      | Killed a troll
  6246 | D:7      | Reached skill level 5 in Dodging
  6246 | D:7      | Reached XP level 8. HP: 36/57 MP: 8/11
  6249 | D:7      | Paralysed by a hornet for 2 turns
  6251 | D:7      | Killed a hornet
  6252 | D:7      | Reached skill level 9 in Conjurations
  6327 | D:7      | Found a flagged portal.
  6403 | Bailey   | Entered a bailey
  6654 | Bailey   | Reached skill level 10 in Conjurations
  6880 | Bailey   | Identified the +0 leather armour of Okawaru's Generosity
                  | {rPois rC+ Int+4}
  7407 | D:7      | Identified the +2 leather armour "Xinkueru" {Will++ rCorr
                  | Int+3 Slay-6}
  7675 | D:7      | Reached XP level 9. HP: 52/62 MP: 6/12
  7721 | D:7      | Found a broken altar of Ashenzari.
  7732 | D:7      | Identified the +9 mace "Goaru" {venom, rN+ Will+}
  7760 | D:7      | Noticed Maggie
  7760 | D:7      | Noticed Joseph
  7781 | D:7      | Killed Joseph
  7795 | D:7      | Killed Maggie
  7796 | D:7      | Reached skill level 11 in Conjurations
  8106 | Temple   | Entered the Ecumenical Temple
  8114 | Temple   | Became a worshipper of Fedhas Madash
  8382 | D:8      | Found an ornate altar of the Wu Jian Council.
  8472 | D:8      | Found a burning altar of Makhleb.
  8484 | D:8      | Found a staircase to the Lair.
  8727 | D:8      | Reached * piety under Fedhas
  8815 | D:8      | Reached skill level 12 in Conjurations
  9515 | D:9      | Noticed an oklob plant
  9515 | D:9      | Noticed an oklob plant
  9516 | D:9      | Noticed an oklob plant
  9520 | D:9      | Paralysed by a floating eye for 2 turns
  9526 | D:9      | Reached ** piety under Fedhas
  9653 | D:9      | Reached XP level 10. HP: 24/69 MP: 4/13
  9788 | D:9      | Noticed a two-headed ogre
  9800 | D:9      | Killed a two-headed ogre
 10341 | D:9      | Reached skill level 13 in Conjurations
 10410 | D:9      | Slain by a wyvern

Illustrated notes

Levels and vault maps discovered:
D:1:      dpeg_arrival_rooms_c, layout_basic
D:2:      layout_loops_cross, serial_shops, nicolae_shop_hallway_stairs, shop,
          minmay_misc_feat_pillars, minmay_tetromino_s4
D:3:      kennysheep_slugbush, layout_basic
D:4:      layout_basic
D:5:      layout_basic
D:6:      layout_basic, bloody_trog, nicolae_sextant, dreamdust_princess_bridge
D:7:      layout_basic, cheibrodos_ashenzari_chains, temple_hall,
          enter_bailey_3, chequers_serial_rivers_room_a,
          minmay_unpleasant_kobolds, uniq_maggie, uniq_joseph
D:8:      layout_basic, nicolae_overflow_squiral, lair_entry_dummy,
          kennysheep_nub, kennysheep_generic_room_8
D:9:      layout_small_grid, minmay_statues_item, grunt_ministairs_6,
          disabler_island
Temple:   sentei_temple_godly_chess

Skill      XL: |  1  2  3  4  5  6  7  8  9 10 |
---------------+-------------------------------+-----
Dodging        | 2 3 4 5 6 7 8 |  8.4
Conjurations   | 5 6 7 8 10 12 13 | 13.3
Stealth        | |  1.7
Spellcasting   | |  2.0

Action                   |  1- 3 |  4- 6 |  7- 9 | 10-12 || total
-------------------------+-------+-------+-------+-------++-------
Melee: Unarmed           |    31 |       |       |       ||    31
       Tailslap          |     4 |     6 |    28 |     5 ||    43
       Staff             |       |     9 |       |       ||     9
       Whip              |       |    31 |    82 |       ||   113
       Punch             |       |     1 |       |       ||     1
       Mace              |       |       |   135 |    15 ||   150
 Cast: Magic Dart        |    70 |    85 |     2 |       ||   157
       Searing Ray       |     5 |    11 |    27 |     8 ||    51
 Abil: Breathe Noxious F |       |       |    31 |     3 ||    34
  Use: Potion            |       |     1 |       |     2 ||     3
       Scroll            |       |       |    12 |       ||    12
 Stab: Confused          |       |       |    13 |       ||    13
       Sleeping          |       |       |     2 |       ||     2
Armor: Skin              |    11 |    28 |   106 |    13 ||   158
Dodge: Dodged            |    21 |    48 |   209 |    33 ||   311

Table legend: (Time is in decaauts)
 A = Elapsed time spent in this place.
 B = Non-inter-level travel time spent in this place.
 C = Inter-level travel time spent in this place.
 D = Time resting spent in this place.
 E = Time spent auto-exploring this place.
 F = Levels seen in this place.
 G = Mean time per level.
                   A        B        C        D        E       F      G
               +--------+--------+--------+--------+--------+-----+--------+
         Total |  10530 |  10167 |    363 |     97 |   8457 |  11 |  957.3 |
       Dungeon |   9699 |   9341 |    358 |     92 |   7899 |   9 | 1077.7 |
        Temple |     14 |      9 |      5 |      0 |      0 |   1 |   14.0 |
        Bailey |    816 |    816 |      0 |      5 |    558 |   1 |  816.0 |
               +--------+--------+--------+--------+--------+-----+--------+

Top non-repeatable levels by time:
     D:3: 1315 daAuts
     D:8: 1226 daAuts
     D:7: 1211 daAuts
     D:5: 1168 daAuts
     D:2: 1100 daAuts
     D:1: 1089 daAuts
     D:9: 1087 daAuts
  Bailey: 816 daAuts
     D:6: 812 daAuts
     D:4: 687 daAuts
  Temple: 14 daAuts
